 Dungeon Crawl Stone Soup version 0.30-a0-458-g86641cc369 (webtiles) character file.

Game seed: 7509490910359090863

3734456 Khashishi the Imperceptible (level 27, 197/197 (199) HPs)
             Began as an Octopode Brigand on Dec 11, 2022.
             Was the Champion of Zin.
             Escaped with the Orb
             ... and 5 runes on Dec 15, 2022!
             The game lasted 08:32:25 (55464 turns).

Khashishi the Imperceptible (Octopode Brigand)     Turns: 55464, Time: 08:32:26

HP:   197/197 (199) AC: 17    Str: 24    XL:     27
MP:   38/38         EV: 48    Int: 26    God:    Zin [******]
Gold: 6800          SH: 28    Dex: 46    Spells: 9/45 levels left

rFire   + . .      SeeInvis +    b - +9 rapier (protect)
rCold   . . .      Faith    .    c - +5 kite shield {reflect}
rNeg    + . .      Spirit   .    E - +0 mask of the Dragon {Will+ Slay+3 SInv}
rPois   ∞          Reflect  +    F - amulet of Hamoumm {rElec Regen+}
rElec   +          Harm     .    Q - ring of protection from fire
rCorr   .          Rampage  .    t - ring "Nofoulu" {rF+ Will+ Str+4}
Will    ++++.                    I - +6 ring of dexterity
Stlth   ++++......               e - +4 ring of protection
HPRegen 1.32/turn                y - ring of Juico {rElec rF- rN+ Int+4 Dex+7}
MPRegen 0.26/turn                s - +4 ring of protection
                                 u - +4 ring of protection
                                 q - +4 ring of protection

@: vitalised, studying Axes, lightly drained
A: almost no armour, amphibious, 8 rings, camouflage 1, gelatinous body 1,
(nimble swimmer 1), tentacles
0: Orb of Zot
}: 5/15 runes: decaying, slimy, silver, abyssal, gossamer
a: Renounce Religion, Recite, Vitalisation, Imprison, Sanctuary, Donate Gold


You escaped.
You worshipped Zin.
Zin was exalted by your worship.
You visited 11 branches of the dungeon, and saw 53 of its levels.
You visited the Abyss 1 time.
You visited 1 bazaar.
You also visited: Trove, Ossuary, Bailey, Gauntlet, Ice Cave and Volcano.

You collected 9438 gold pieces.
You spent 2075 gold pieces at shops.
You donated 563 gold pieces to Zin.

Inventory:

Hand Weapons
 a - the +7 Spriggan's Knife {stab, EV+4 Stlth+}
   (You found it on level 3 of the Elven Halls)

   It is more effective when stabbing unaware enemies, sometimes treating them
   as though they were completely helpless.
   EV:        It affects your evasion (+4).
   Stlth:     It makes you more stealthy.
 b - a +9 rapier of protection (weapon)
 L - the +6 scimitar of Roigrecs {vorpal, rElec Dex+9}
   (You found it on level 1 of the Elven Halls)

   It inflicts extra damage upon your enemies.
   Dex:       It affects your dexterity (+9).
   rElec:     It insulates you from electricity.
Missiles
 v - 40 poisoned darts
 H - 2 throwing nets
 K - 17 atropa-tipped darts (quivered)
 O - 6 javelins
 U - 9 silver javelins
 Z - 4 curare-tipped darts
Armour
 c - a +5 kite shield of reflection (worn)
 E - the +0 mask of the Dragon (worn) {Will+ Slay+3 SInv}
   (You found it on level 4 of the Lair of Beasts)

   Slay:      It affects your accuracy & damage with ranged weapons and melee
   (+3).
   SInv:      It lets you see invisible.
   Will:      It increases your willpower.
Jewellery
 e - a +4 ring of protection (on tentacle)
 n - a ring of resist corrosion
 q - a +4 ring of protection (on tentacle)
 s - a +4 ring of protection (on tentacle)
 t - the ring "Nofoulu" (right tentacle) {rF+ Will+ Str+4}
   (You found it on level 5 of the Pits of Slime)

   [ring of protection from fire]

   Str:       It affects your strength (+4).
   rF:        It protects you from fire.
   Will:      It increases your willpower.
 u - a +4 ring of protection (on tentacle)
 y - the ring of Juico (on tentacle) {rElec rF- rN+ Int+4 Dex+7}
   (You bought it in a shop on level 2 of the Orcish Mines)

   [ring of positive energy]

   Int:       It affects your intelligence (+4).
   Dex:       It affects your dexterity (+7).
   rF:        It makes you vulnerable to fire.
   rElec:     It insulates you from electricity.
   rN:        It protects you from negative energy.
 A - a ring of protection from cold
 F - the amulet of Hamoumm (around mantle) {rElec Regen+}
   (You found it in a Gauntlet)

   [amulet of regeneration]

   rElec:     It insulates you from electricity.
   Regen:     It increases your rate of health regeneration.
 G - a ring of positive energy
 I - a +6 ring of dexterity (on tentacle)
 Q - a ring of protection from fire (left tentacle)
 Y - a +4 ring of slaying
Wands
 f - a wand of paralysis (21)
 k - a wand of iceblast (23)
 x - a wand of mindburst (24)
 N - a wand of light (32)
 V - a wand of digging (23)
Scrolls
 d - 17 scrolls of teleportation
 g - 6 scrolls of magic mapping
 j - a scroll of butterflies
 o - 10 scrolls of blinking
 r - 7 scrolls of fear
 z - 10 scrolls of fog
 B - 2 scrolls of poison
 D - a scroll of silence
Potions
 h - 6 potions of cancellation
 i - 8 potions of heal wounds
 l - 2 potions of might
 m - 21 potions of curing
 w - 7 potions of attraction
 C - 2 potions of brilliance
 J - a potion of haste
 M - a potion of mutation
 P - 17 potions of ambrosia
 R - 5 potions of magic
 S - 4 potions of invisibility
Miscellaneous
 p - a phial of floods
 W - a phantom mirror
 X - a lightning rod (4/4)


   Skills:
 + Level 19.2 Fighting
 - Level 14.0(14.1) Short Blades
 - Level 3.0(9.6) Long Blades
 - Level 7.0 Throwing
 + Level 19.8 Dodging
 - Level 24.4 Stealth
 + Level 22.4 Shields
 - Level 9.7 Spellcasting
 - Level 4.0 Conjurations
 - Level 8.0 Hexes
 - Level 6.0 Translocations
 + Level 19.1 Ice Magic
 - Level 4.0 Air Magic
 + Level 23.7 Invocations
 - Level 4.0 Evocations


You had 9 spell levels left.
You knew the following spells:

 Your Spells              Type           Power      Damage    Failure   Level
a - Ozocubu's Armour      Ice            84%        N/A       0%          3
b - Hailstorm             Conj/Ice       64%        3d14      1%          3
c - Blink                 Tloc           88%        N/A       1%          2
d - Momentum Strike       Conj/Tloc      76%        3d10      1%          2
e - Lesser Beckoning      Tloc           88%        N/A       1%          3
f - Ensorcelled Hibernat  Hex/Ice        100%       N/A       1%          2
g - Slow                  Hex            100%       N/A       1%          1
h - Metabolic Englaciati  Hex/Ice        35%        N/A       1%          5
i - Freezing Cloud        Conj/Ice/Air   28%        6-21      4%          5
j - Ozocubu's Refrigerat  Ice            42%        4d16      1%          7
k - Frozen Ramparts       Ice            100%       1d16      0%          3

Your spell library contained the following spells:

 Spells                   Type           Power      Damage    Failure   Level
 Freeze                   Ice            100%       1d10      0%          1
 Apportation              Tloc           88%        N/A       1%          1
 Magic Dart               Conj           100%       1d8       1%          1
 Searing Ray              Conj           66%        2d6       1%          2
 Static Discharge         Conj/Air       66%        2-5/arc   1%          2
 Confusing Touch          Hex            53%        N/A       1%          3
 Dazzling Flash           Conj/Hex       86%        N/A       1%          3
 Gell's Gravitas          Tloc           44%        N/A       1%          3
 Teleport Other           Tloc           44%        N/A       1%          3
 Tukima's Dance           Hex            53%        N/A       1%          3
 Ice Form                 Ice/Tmut       58%        N/A       1%          4
 Foxfire                  Conj/Fire      92%        2x1d8     2%          1
 Cigotuvi's Dreadful Rot  Necr/Pois/Air  38%        N/A       4%          2
 Kindle Blastsparks       Fire/Tloc/Air  60%        2d15      4%          3
 Fulminant Prism          Conj/Hex       21%        3d12      4%          4
 Passage of Golubria      Tloc           44%        N/A       4%          4
 Necrotise                Necr           48%        1d6       6%          1
 Summon Small Mammal      Summ           48%        N/A       6%          1
 Mephitic Cloud           Conj/Pois/Air  26%        N/A       6%          3
 Iskenderun's Mystic Bla  Conj/Tloc      38%        2d9       8%          4
 Call Imp                 Summ           12%        N/A       9%          2
 Scorch                   Fire           24%        2d6       9%          2
 Anguish                  Hex/Necr       16%        N/A       11%         4
 Leda's Liquefaction      Hex/Erth       16%        N/A       11%         4
 Spider Form              Tmut/Pois      12%        N/A       17%         3
 Vampiric Draining        Necr           12%        2d6       17%         3
 Simulacrum               Ice/Necr       29%        N/A       17%         6
 Flame Wave               Conj/Fire      23%        2d8       26%         4
 Iskenderun's Battlesphe  Conj           33%        2d9       30%         5
 Yara's Violent Unravell  Hex/Tmut       16%        3d8       30%         5
 Petrify                  Tmut/Erth      12%        N/A       50%         4
 Fireball                 Conj/Fire      11%        3d7       56%         5
 Dispersal                Tloc           22%        N/A       58%         6
 Agony                    Necr           12%        N/A       85%         5
 Alistair's Intoxication  Tmut/Pois      8%         N/A       85%         5
 Blade Hands              Tmut           6%         N/A       85%         5
 Borgnjor's Vile Clutch   Necr/Erth      6%         N/A       85%         5
 Lee's Rapid Deconstruct  Erth           6%         3d6*      85%         5
 Conjure Ball Lightning   Conj/Air       16%        3x3d6     86%         6
 Iron Shot                Conj/Erth      11%        9d3       98%         6
 Starburst                Conj/Fire      11%        6d5       98%         6
 Eringya's Noxious Bog    Tmut/Pois      6%         N/A       100%        6
 Statue Form              Tmut/Erth      8%         N/A       100%        6
 Summon Cactus Giant      Summ           6%         N/A       100%        6
 Dragon Form              Tmut           6%         N/A       100%        7
 Malign Gateway           Summ/Tloc      14%        N/A       100%        7
 Spellforged Servitor     Conj/Summ      11%        N/A       100%        7
 Discord                  Hex            26%        N/A       100%        8
 Disjunction              Tloc           22%        N/A       100%        8
 Maxwell's Capacitive Co  Air            16%        ∞         100%        8
 Summon Horrible Things   Summ           6%         N/A       100%        8
 Animate Armour           Summ/Erth      Unusable   N/A       N/A         4

Dungeon Overview and Level Annotations

Branches:
Dungeon (15/15)            Temple (1/1) D:5            Lair (5/5) D:9
  Swamp (4/4) Lair:3       Spider (4/4) Lair:3        Slime (5/5) Lair:4
    Orc (2/2) D:11            Elf (3/3) Orc:2        Vaults (5/5) D:13
  Crypt (0/3) Vaults:3     Depths (4/4) D:15            Zot (5/5) Depths:4
Ossuary (visited)          Bailey (visited)           IceCv (visited)
Volcano (visited)         Gauntlet (visited)

Altars:
Ashenzari
Cheibriados
Dithmenos
Elyvilon
Fedhas
Gozag
Hepliaklqana
Kikubaaqudgha
Makhleb
Nemelex Xobeh
Okawaru
Qazlal
Ru
Sif Muna
Trog
Uskayaw
Vehumet
Wu Jian
Xom
Yredelemnul
Zin
The Shining One
Jiyva

Shops:
D:2 [(=   D:5 ?(!   Orc:2 **!!=(   Elf:2 =:=   Vaults:2 [   Vaults:3 [

Portals:
Hell: Depths:1 Depths:2 Depths:3 Depths:4
Abyss: Depths:2 Depths:3
Pandemonium: Depths:2 Depths:3
Ziggurat: Depths:1

Annotations:
Depths:1 2 transporters


Innate Abilities, Weirdness & Mutations

You cannot wear most types of armour.
You are amphibious.
You can wear up to eight rings at the same time.
Your skin changes colour to match your surroundings (Stealth+).
Your rubbery body absorbs attacks. (AC +1, EV +1)
((You are camouflaged when in or above water. (Stealth+)))
You have tentacles for arms and can constrict up to eight enemies at once.


Message History

The poison arrow misses you.
You closely miss the green death. Your squeeze misses the green death.
The green death is moderately wounded.
You puncture the green death!
You tentacle-slap the green death, but do no damage.
The green death is moderately wounded.
The green death completely misses you.
You puncture the green death!
The green death is heavily wounded.
You impale the green death!! You squeeze the green death.
You kill the green death!
No target in view!
(D) Dungeon (T) Temple (L) Lair (S) Swamp (N) Spider Nest (M) Slime Pits (O) Orcish Mines (E) Elven Halls (V) Vaults (C) Crypt (U) Depths (H) Hell (Z) Zot
Where to? (Enter - D:1 @ (x,y), ? - help)
Your icy armour cracks and falls away as you move.
HP restored.
There is a stone staircase leading up here.
You climb upwards.
There is a stone staircase leading down here.
Magic restored.
An efreet comes into view.
It is wielding a +4 scimitar of flaming.
The efreet gestures at you.
The fireball explodes!
The fireball engulfs you. You resist.
The fireball engulfs the efreet.
The efreet completely resists.
You puncture the efreet!
Your weapon exudes an aura of protection.
You squeeze the efreet, but do no damage.
The efreet is moderately wounded.
You puncture the efreet! Your squeeze misses the efreet.
The efreet is heavily wounded.
You block the efreet's attack.
You puncture the efreet! You squeeze the efreet.
You kill the efreet!
No target in view!
You see here a +4 scimitar of flaming.
There is a staircase leading out of the dungeon here.
You have escaped!

#######........###...............
.....)........## ##.......#.###.#
.######.......# #.......#.# #.#
)# #.......## ##[......#.###.#
.######........###........#.##.#.
.#........................#.#†###
.#.##.#..###.........###..#..## #
.#.##.).## ##.......## ##.###.###
.#.###..# #...@...# #.†....#.
....###.## ##.......## ##.......#
.........###.........###..####.##
##.####...................# #.#
#.# #.........###........# #.#
#.# #........## ##.......# #.#
#.# #........# #.......# #.# #.#
#........## ##.......# #.#
#.###.........###........## #.#


There were no monsters in sight!

Vanquished Creatures
  the Royal Jelly (Slime:5)
  Dissolution (Slime:3)
  5 dread liches (Zot:5)
  6 ancient liches
  5 orbs of fire
  3 juggernauts
  Mara (Depths:2)
  Bai Suzhen (Vaults:4)
  4 Killer Klowns
  the Lernaean hydra (Swamp:4)
  Saint Roka (Depths:2)
  Frederick (Depths:4)
  A caustic shrike (Depths:2)
  3 curse toes
  6 golden dragons
  The ghost of Ydiukeg the Sorcerer, a veteran SpVM of Ashenzari (Depths:3)
  Jory (Vaults:4)
  Nikola (Swamp:4)
  2 hellephants (Depths:3)
  4 electric golems
  Mlioglotl (Spider:2)
  Jorgrun (D:15)
  13 tentacled monstrosities
  2 liches
  25 Orb Guardians (Zot:5)
  3 titans
  2 deep elf master archers (Elf:3)
  3 deep elf blademasters
  2 tentacled starspawn
  7 death cobs
  6 quicksilver dragons
  2 Executioners (D:15)
  20 acid blobs
  10 sphinxes
  2 thorn hunters (Swamp:4)
  Donald (Swamp:2)
  Gastronok (Lair:3)
  8 storm dragons
  10 tengu reavers
  9 azure jellies
  2 draconian monks
  10 shadow dragons
  7 fire giants
  A fenstrider witch (Swamp:3)
  4 emperor scorpions
  11 rockslimes
  6 deep elf sorcerers
  The ghost of Kilowitz the Fighter, a journeyman MiFi of Okawaru (Spider:3)
  Aizul (Spider:1)
  6 frost giants
  6 ghost moths
  10 draconian scorchers
  8 draconian knights
  Louise (Elf:1)
  22 vault wardens
  4 deep elf elementalists (Elf:3)
  A draconian stormcaller (Zot:1)
  5 draconian shifters
  12 ironbound preservers
  5 war gargoyles
  An orc warlord (Vaults:3)
  A spriggan defender (Depths:3)
  5 draconian annihilators
  11 quicksilver oozes
  An angel (Abyss:3)
  2 ophanim (Abyss:3)
  A broodmother (Spider:3)
  A reaper (IceCv)
  22 stone giants
  10 ironbound thunderhulks
  35 very ugly things
  17 green draconians
  A vampire knight (Depths:3)
  3 eleionomae
  2 pale draconians (Depths:4)
  7 black draconians
  12 purple draconians
  7 deep elf demonologists
  8 deep elf annihilators
  A minotaur (Gauntlet)
  12 red draconians
  5 yellow draconians
  6 white draconians
  Snorg (D:13)
  3 dire elephants (Vaults:4)
  4 bunyips
  A green death (D:2)
  10 ettins
  A merfolk javelineer (Depths:3)
  13 spark wasps
  A merfolk impaler (Depths:3)
  12 yaktaur captains
  3 deep elf death magi
  3 fire dragons
  3 crystal guardians
  10 deep elf high priests
  A rakshasa (Depths:1)
  Fannar (D:10)
  6 entropy weavers
  13 great orbs of eyes
  18 hydras
  7 spriggan air magi
  A catoblepas (D:13)
  A hell beast (D:15)
  2 peacekeepers
  6 ogre magi
  33 vault guards
  6 ice dragons
  2 ghost crabs (Swamp:4)
  12 centaur warriors
  11 ironbound frosthearts
  2 radroaches
  11 boulder beetles
  18 two-headed ogres
  An anaconda (shapeshifter) (Vaults:5)
  An anaconda (Lair:1)
  A death scarab (Spider:3)
  2 jorogumos
  7 hell hogs (Depths:3)
  A vampire mage (Depths:2)
  8 tengu warriors
  2 thrashing horrors
  6 deep troll earth magi
  5 deep troll shamans
  9 alligators
  3 orc high priests
  35 dancing weapons
  2 spectral emperor scorpions (Spider:3)
  6 death yaks (Lair:5)
  A shock serpent (shapeshifter) (Depths:1)
  A soul eater (Depths:3)
  7 spriggan berserkers
  A sun demon (Depths:3)
  21 deep elf knights
  6 hell knights
  2 fire crabs
  2 spectral ghost moths (Spider:3)
  A shadow wraith (Vaults:5)
  9 iron trolls
  2 skeletal warriors
  A golden dragon zombie (Depths:3)
  4 goliath frogs
  8 pharaoh ants
  A sea snake (shapeshifter) (D:11)
  A sixfirhy (Depths:3)
  18 swamp dragons
  A steelbarb worm (shapeshifter) (Vaults:5)
  A death drake (Gauntlet)
  5 glowing orange brains
  8 orb spiders
  9 steelbarb worms
  A flayed ghost (Depths:4)
  45 deep trolls
  3 bog bodies
  12 deep elf archers
  3 spriggan druids
  9 wizards
  A spectral broodmother (Spider:3)
  5 necromancers
  3 phantasmal warriors (Vaults:5)
  2 cherubim (Abyss:3)
  An orange crystal statue (Elf:2)
  4 orc knights
  13 harpies
  30 deep elf pyromancers
  A spectral jorogumo (Spider:3)
  18 ironbound convokers
  13 lindwurms
  28 deep elf zephyrmancers
  19 wolf spiders
  3 orc sorcerers
  7 shining eyes
  9 cyclopes
  2 sphinx skeletons (Depths:3)
  A will-o-the-wisp (Swamp:3)
  A spectral centaur (Gauntlet)
  116 slime creatures
  6 manticores
  21 moths of wrath
  48 ugly things
  17 elephants
  2 centaur zombies
  The ghost of Applejack244 the Trooper, a novice MiMo of Okawaru (D:7)
  A water nymph (shapeshifter) (Depths:2)
  7 black mambas
  A guardian serpent (shapeshifter) (D:15)
  2 ice statues (IceCv)
  2 gargoyles
  2 naga magi (D:15)
  23 vault sentinels
  Maggie (Lair:1)
  22 cane toads
  A hellion (Depths:3)
  6 unseen horrors
  7 eyes of devastation
  4 torpor snails
  6 rime drakes
  6 freezing wraiths
  6 demonic crawlers
  5 efreet
  An orange demon (Depths:3)
  22 komodo dragons
  4 centaur skeletons (D:15)
  3 kobold demonologists (D:11)
  2 tengu conjurers
  2 ghost moth simulacra (Spider:3)
  23 yaktaurs
  An ancient zyme (Abyss:1)
  6 ice devils (IceCv)
  A red devil (D:15)
  2 queen bees
  2 bloated husks
  A jorogumo simulacrum (Spider:3)
  15 meliai
  3 polar bears
  20 hornets
  6 tyrant leeches
  Grinder (D:5)
  14 trolls
  A large abomination (Abyss:1)
  A raiju (Abyss:2)
  16 dream sheep
  27 tarantellas
  28 blink frogs
  A fire giant simulacrum (Vaults:1)
  14 jumping spiders
  25 culicivoras
  22 spriggans
  2 vampires
  8 shadows
  7 wraiths
  A ynoxinul (Abyss:2)
  43 yaks
  7 wyverns
  3 air elementals
  12 water elementals
  3 dire elephant simulacra (IceCv)
  3 fire elementals
  4 golden eyes (Slime:2)
  12 steam dragons
  5 chaos spawn
  5 neqoxecs
  7 basilisks
  2 death yak simulacra (IceCv)
  A redback (shapeshifter) (Depths:3)
  21 vampire mosquitoes
  A glowing shapeshifter zombie (Depths:3)
  66 redbacks
  Menkaure (D:5)
  2 harpy simulacra (IceCv)
  18 swamp worms
  8 acid dragons
  6 wargs
  11 water moccasins
  10 swamp drakes
  9 black bears
  30 orc warriors
  A radroach simulacrum (Spider:3)
  13 boggarts
  23 ogres
  34 wolves
  13 centaurs
  2 small abominations (Abyss:1)
  18 bullfrogs
  An elf zombie (Ossuary)
  5 kobold brigands
  3 gnoll sergeants
  2 earth elementals (Elf:3)
  2 necrophages
  A scorpion (D:5)
  2 two-headed ogre simulacra (IceCv)
  2 cane toad simulacra (IceCv)
  14 wights
  43 killer bees
  A human simulacrum (Vaults:1)
  3 howler monkeys
  3 electric eels
  An iron imp (D:14)
  4 hounds
  16 jellies
  13 orc priests
  Ijyb (D:3)
  3 human zombies
  Terence (D:3)
  13 iguanas
  20 orc wizards
  3 troll simulacra (IceCv)
  2 spriggan simulacra (IceCv)
  2 mummies (Ossuary)
  7 gnolls
  4 adders
  3 naga simulacra (IceCv)
  A shadow imp (D:7)
  3 white imps
  4 ufetubi
  3 worms
  6 dart slugs
  93 orcs
  9 endoplasms
  A giant cockroach (D:1)
  5 gnoll zombies (Ossuary)
  7 hobgoblins
  21 kobolds
  3 quokkas
  3 training dummies (D:5)
  10 ball pythons
  6 bats
  16 frilled lizards (D:12)
  14 goblins
  2 goblin zombies (Ossuary)
  2 hobgoblin zombies (Ossuary)
  2 orc zombies (Ossuary)
  5 rats (D:1)
  2 pillars of salt (D:9)
2502 creatures vanquished.

Vanquished Creatures (collateral kills)
  A slime creature (Slime:5)
1 creature vanquished.

Vanquished Creatures (others)
  A fire giant (Depths:2)
  A draconian annihilator (Zot:1)
  A vault guard (Vaults:5)
  A dancing weapon (Elf:3)
  A swamp dragon (Depths:4)
  A deep elf zephyrmancer (Elf:1)
  A bloated husk (Swamp:2)
  A steam dragon (Depths:4)
  A swamp worm (Swamp:4)
  An ogre (Orc:2)
  2 orc wizards
  An orc (Orc:2)
  A kobold (D:11)
  3 bushes (Lair:5)
  A demonic plant (Gauntlet)
  4 foxfires (Swamp:3)
  22 fungi
  8 pillars of salt
  38 plants
  2 starspawn tentacles (Abyss:1)
  5 withered plants (D:2)
97 creatures vanquished.

Grand Total: 2600 creatures vanquished

Notes
Turn   | Place    | Note
-------+----------+-------------------------------------------
     0 | D:1      | Khashishi the Octopode Brigand began the quest for the Orb.
     0 | D:1      | Reached XP level 1. HP: 14/14 MP: 1/1
    70 | D:1      | Reached XP level 2. HP: 16/19 MP: 2/2
   138 | D:1      | Reached skill level 6 in Stealth
   138 | D:1      | Reached XP level 3. HP: 24/24 MP: 3/3
   830 | D:2      | Found a faded altar of an unknown god.
   848 | D:2      | Found Gyewude's Antique Weapon Emporium.
   913 | D:2      | Found Kexzakk's Armour Emporium.
   913 | D:2      | Found Xerrausee's Jewellery Shop.
   930 | D:2      | Found an ornate altar of the Wu Jian Council.
  1204 | D:2      | Reached XP level 4. HP: 29/29 MP: 4/4
  1626 | D:3      | Noticed Terence
  1644 | D:3      | Noticed Ijyb
  1646 | D:3      | HP: 1/29 [disintegration (14)]
  1839 | D:3      | Killed Terence
  1840 | D:3      | Reached XP level 5. HP: 17/34 MP: 5/5
  1863 | D:3      | Killed Ijyb
  1864 | D:3      | Reached skill level 7 in Stealth
  2436 | D:4      | Found a bloodstained altar of Trog.
  2648 | D:4      | Reached XP level 6. HP: 26/39 MP: 6/6
  2772 | D:4      | Reached skill level 1 in Evocations
  2955 | D:4      | Reached skill level 8 in Stealth
  3163 | D:5      | Entered Level 5 of the Dungeon
  3163 | D:5      | Found Ostejad's Magic Scroll Emporium.
  3167 | D:5      | Bought a scroll of enchant weapon for 112 gold pieces
  3180 | D:5      | Found a staircase to the Ecumenical Temple.
  3191 | D:5      | Reached XP level 7. HP: 37/45 MP: 7/7
  3208 | Temple   | Entered the Ecumenical Temple
  3223 | Temple   | Became a worshipper of Zin the Law-Giver
  3223 | Temple   | Reached * piety under Zin
  3312 | D:5      | Found a sand-covered staircase.
  3317 | Ossuary  | Entered an ossuary
  3390 | Ossuary  | Reached skill level 1 in Invocations
  3400 | Ossuary  | Reached ** piety under Zin
  3424 | Ossuary  | Reached skill level 5 in Short Blades
  3508 | Ossuary  | Reached *** piety under Zin
  3522 | Ossuary  | Reached **** piety under Zin
  3642 | D:5      | Noticed Grinder
  3649 | D:5      | Killed Grinder
  3650 | D:5      | Reached XP level 8. HP: 52/52 MP: 9/9
  3818 | D:5      | Identified a scroll of acquirement
  3818 | D:5      | Acquired a +2 hat of willpower
  3859 | D:5      | Found Taahemio's Distillery.
  3871 | D:5      | Bought a potion of curing for 42 gold pieces
  3944 | D:5      | Found Fothri Natub's Firing Range.
  3946 | D:5      | Noticed Menkaure
  3954 | D:5      | Killed Menkaure
  4895 | D:6      | Learned a level 3 spell: Ozocubu's Armour
  4999 | D:6      | Found a white marble altar of Elyvilon.
  5038 | D:6      | Reached ***** piety under Zin
  5068 | D:6      | Reached XP level 9. HP: 58/58 MP: 12/12
  5367 | D:6      | Reached skill level 5 in Dodging
  5367 | D:6      | Reached skill level 5 in Invocations
  5604 | D:7      | Found a transporter.
  5606 | D:7      | Noticed Applejack244's ghost (novice MiMo)
  5608 | D:7      | Found a transporter.
  6062 | D:7      | Reached skill level 1 in Ice Magic
  6280 | D:7      | Reached skill level 9 in Stealth
  6290 | D:7      | Killed Applejack244's ghost
  6291 | D:7      | Reached XP level 10. HP: 30/63 MP: 12/15
  6352 | D:8      | Noticed a two-headed ogre
  6355 | D:8      | Killed a two-headed ogre
  6356 | D:8      | Reached skill level 10 in Stealth
  6356 | D:8      | Reached skill level 1 in Spellcasting
  6390 | D:8      | Reached skill level 5 in Ice Magic
  6489 | D:8      | Noticed a two-headed ogre
  6528 | D:8      | Killed a two-headed ogre
  6646 | D:8      | Reached skill level 11 in Stealth
  6734 | D:8      | Noticed a skeletal warrior
  6771 | D:8      | Killed a skeletal warrior
  6772 | D:8      | Reached skill level 1 in Shields
  6775 | D:8      | Reached skill level 5 in Fighting
  6791 | D:8      | Reached XP level 11. HP: 50/72 MP: 17/17
  7439 | D:9      | Found a flagged portal.
  7632 | Bailey   | Entered a bailey
  7694 | Bailey   | Reached ****** piety under Zin
  7771 | Bailey   | Noticed an orc knight
  7796 | Bailey   | Killed an orc knight
  7891 | Bailey   | Acquired a +4 rapier of protection
  7915 | D:9      | Found a snail-covered altar of Cheibriados.
  8000 | D:9      | Found a staircase to the Lair.
  8242 | D:9      | Found an ornate altar of the Wu Jian Council.
  8640 | Lair:1   | Entered Level 1 of the Lair of Beasts
  8654 | Lair:1   | Reached skill level 5 in Shields
  8674 | Lair:1   | Reached skill level 10 in Invocations
  8801 | Lair:1   | Reached XP level 12. HP: 71/81 MP: 16/19
  8863 | Lair:1   | Noticed Maggie
  8879 | Lair:1   | Killed Maggie
  9207 | Lair:1   | Noticed a boulder beetle
  9236 | Lair:1   | Killed a boulder beetle
  9242 | Lair:1   | Reached skill level 12 in Stealth
  9378 | Lair:1   | Noticed an alligator
  9383 | Lair:1   | Noticed an anaconda
  9476 | Lair:1   | Killed an alligator
  9517 | Lair:1   | Killed an anaconda
  9625 | Lair:1   | Noticed a seven-headed hydra
  9637 | Lair:1   | Killed a seven-headed hydra
  9641 | Lair:1   | Reached skill level 13 in Stealth
  9731 | Lair:2   | Reached XP level 13. HP: 86/86 MP: 21/21
  9750 | Lair:2   | You fall into a shaft and drop 1 floor!
  9796 | Lair:3   | Reached skill level 10 in Short Blades
  9903 | Lair:3   | Reached skill level 14 in Stealth
  9931 | Lair:2   | Found a dark tunnel.
  9956 | Volcano  | Entered a volcano
 10070 | Volcano  | HP: 3/86 [lindwurm/blast of flame (18)]
 10153 | Volcano  | Noticed a fire dragon
 10160 | Volcano  | Killed a fire dragon
 10681 | Lair:2   | Reached skill level 15 in Stealth
 10868 | Lair:3   | Found a hole to the Spider Nest.
 11029 | Lair:3   | Found a staircase to the Swamp.
 11075 | Lair:3   | Learned a level 3 spell: Hailstorm
 11084 | Lair:3   | Noticed Gastronok
 11095 | Lair:3   | Killed Gastronok
 11165 | Lair:3   | Reached XP level 14. HP: 78/92 MP: 18/23
 11550 | Lair:4   | Found a staircase to the Slime Pits.
 11551 | Lair:4   | Found a viscous altar of Jiyva.
 11553 | Lair:4   | Found the +0 mask of the Dragon {Will+ Slay+3 SInv}
 11630 | Lair:4   | Found a frozen archway.
 11645 | IceCv    | Entered an ice cave
 12219 | IceCv    | Noticed a reaper
 12317 | IceCv    | Killed a reaper
 13252 | Lair:5   | Entered Level 5 of the Lair of Beasts
 13316 | Lair:5   | Reached skill level 16 in Stealth
 13429 | Lair:5   | Reached skill level 1 in Conjurations
 13783 | Lair:5   | Reached skill level 10 in Dodging
 13918 | Lair:5   | Reached XP level 15. HP: 99/99 MP: 21/24
 14368 | Lair:5   | Identified the +1 ring mail of Relativism {Int+2}
 14714 | Lair:5   | Upgraded the game from 0.30-a0-451-ge042605de7 to
                  | 0.30-a0-457-g4b7bca3bfa
 14820 | D:10     | Entered Level 10 of the Dungeon
 14820 | D:10     | Noticed Fannar
 14888 | D:10     | Killed Fannar
 14889 | D:10     | Reached skill level 17 in Stealth
 15133 | D:10     | Found a hazy altar of Hepliaklqana.
 15794 | D:11     | Found a staircase to the Orcish Mines.
 16785 | D:11     | Noticed a fire giant
 16800 | D:11     | Killed a fire giant
 16902 | D:11     | Reached XP level 16. HP: 90/108 MP: 26/26
 16946 | D:11     | Identified the +3 robe "Reesm" {-Cast rPois Regen+ Stlth+}
 16971 | D:11     | Learned a level 2 spell: Blink
 16974 | D:11     | Learned a level 2 spell: Momentum Strike
 17150 | D:11     | Identified the +3 morningstar "Qienna" {spect, Int+3}
 17442 | Orc:1    | Entered Level 1 of the Orcish Mines
 17505 | Orc:1    | Found Jiasiph's Assorted Antiques.
 17523 | Orc:1    | Reached skill level 1 in Translocations
 17716 | Orc:2    | Entered Level 2 of the Orcish Mines
 17716 | Orc:2    | Found a staircase to the Elven Halls.
 17716 | Orc:2    | Found Viukihiwn's General Store.
 17894 | Orc:2    | Paralysed by an ogre mage for 5 turns
 17934 | Orc:2    | Reached skill level 10 in Fighting
 17963 | Orc:2    | Found Leggaclipeth's Distillery.
 18005 | Orc:2    | Found Cizixet's Weapon Shop.
 18038 | Orc:2    | Bought a scroll of blinking for 105 gold pieces
 18044 | Orc:2    | Found Pehoito's Distillery.
 18046 | Orc:2    | Found Dahous Lobi's Jewellery Shoppe.
 18251 | Orc:2    | Found Fucvehug's Assorted Antiques.
 18258 | Orc:2    | Bought a runed kite shield for 232 gold pieces
 18583 | Orc:2    | Bought a potion of invisibility for 96 gold pieces
 18589 | Orc:2    | Bought the ring of Juico {rElec rF- rN+ Int+4 Dex+7} for
                  | 701 gold pieces
 18622 | Orc:2    | Bought a +4 ring of protection for 504 gold pieces
 19490 | D:12     | Identified the +1 leather armour "Dijeigawky" {rC+ Will-
                  | Str+4 Dex+7}
 19788 | D:13     | Noticed Snorg
 19790 | D:13     | Killed Snorg
 19791 | D:13     | Reached skill level 10 in Shields
 19908 | D:13     | Found a gate to the Vaults.
 20192 | D:13     | Reached skill level 5 in Translocations
 20829 | D:14     | Reached XP level 17. HP: 67/115 MP: 28/28
 21042 | D:14     | Found a snail-covered altar of Cheibriados.
 21478 | D:15     | Entered Level 15 of the Dungeon
 21694 | D:15     | Found a gate leading to a gauntlet.
 21707 | Gauntlet | Entered a Gauntlet
 21707 | Gauntlet | Found a transporter.
 21707 | Gauntlet | Found a transporter.
 21707 | Gauntlet | Found a transporter.
 21729 | Gauntlet | Found a transporter.
 21731 | Gauntlet | Found a large runed translucent door.
 21732 | Gauntlet | Found a large runed translucent door.
 21733 | Gauntlet | Found a large runed translucent door.
 21733 | Gauntlet | Found a large runed translucent door.
 21733 | Gauntlet | Found a runed translucent door.
 21733 | Gauntlet | Found a runed translucent door.
 21734 | Gauntlet | Found a large runed translucent door.
 21735 | Gauntlet | Found a large runed translucent door.
 21736 | Gauntlet | Found a large runed translucent door.
 21736 | Gauntlet | Found a large runed translucent door.
 21737 | Gauntlet | Found a runed translucent gate.
 21737 | Gauntlet | Found a runed translucent gate.
 21737 | Gauntlet | Found a runed translucent gate.
 21739 | Gauntlet | Found a transporter.
 21742 | Gauntlet | Found a transporter.
 21750 | Gauntlet | Found a large runed translucent door.
 21751 | Gauntlet | Found a large runed translucent door.
 21752 | Gauntlet | Found a large runed translucent door.
 21753 | Gauntlet | Found a large runed translucent door.
 21761 | Gauntlet | Found a transporter.
 21778 | Gauntlet | Found a transporter.
 21781 | Gauntlet | Found a transporter.
 21784 | Gauntlet | Found a transporter.
 21792 | Gauntlet | Found a large runed translucent door.
 21792 | Gauntlet | Found a large runed translucent door.
 21793 | Gauntlet | Found a large runed translucent door.
 21794 | Gauntlet | Found a large runed translucent door.
 21794 | Gauntlet | Found a transporter.
 21795 | Gauntlet | Found a transporter.
 21854 | Gauntlet | Identified the +7 hand axe "Faoski" {drain, Will+ Int+6}
 21947 | Gauntlet | Reached skill level 15 in Invocations
 21961 | Gauntlet | Identified the amulet "Ychuene" {RegenMP Harm rN+ Regen+
                  | Stlth-}
 22002 | Gauntlet | Identified the amulet of Hamoumm {rElec Regen+}
 22303 | D:15     | Noticed Jorgrun
 22320 | D:15     | Killed Jorgrun
 22321 | D:15     | Reached skill level 5 in Throwing
 22791 | D:15     | Found a staircase to the Depths.
 23099 | Swamp:1  | Entered Level 1 of the Swamp
 23807 | Swamp:2  | Noticed Donald
 23861 | Swamp:2  | Learned a level 3 spell: Lesser Beckoning
 24255 | Swamp:2  | Killed Donald
 24955 | Swamp:4  | Entered Level 4 of the Swamp
 24965 | Swamp:4  | Noticed Nikola
 24990 | Swamp:4  | Killed Nikola
 24991 | Swamp:4  | Reached XP level 18. HP: 124/124 MP: 17/29
 25645 | Swamp:4  | Noticed the 27-headed Lernaean hydra
 25693 | Swamp:4  | Reached skill level 18 in Stealth
 25720 | Swamp:4  | Killed the 27-headed Lernaean hydra
 25882 | Swamp:4  | Got a decaying rune of Zot
 26045 | Spider:1 | Entered Level 1 of the Spider Nest
 26220 | Spider:1 | Noticed Aizul
 26251 | Spider:1 | Killed Aizul
 27003 | Spider:2 | Noticed Mlioglotl
 27025 | Spider:2 | Killed Mlioglotl
 27776 | Spider:3 | Reached XP level 19. HP: 125/131 MP: 31/31
 28185 | Spider:3 | Reached skill level 19 in Stealth
 28321 | Spider:3 | Found a runed translucent gate.
 28321 | Spider:3 | Found a runed translucent gate.
 28321 | Spider:3 | Found a runed translucent gate.
 28322 | Spider:3 | Noticed Kilowitz's ghost (journeyman MiFi)
 28357 | Spider:3 | Killed Kilowitz's ghost
 28904 | Spider:4 | Entered Level 4 of the Spider Nest
 29923 | Spider:4 | Got a gossamer rune of Zot
 30411 | Depths:1 | Entered Level 1 of the Depths
 30412 | Depths:1 | Found a transporter.
 30416 | Depths:1 | Found a transporter.
 30418 | Depths:1 | Found a transporter.
 30431 | Depths:1 | Found a one-way gateway to a ziggurat.
 30433 | Depths:1 | Found a transporter.
 30769 | Depths:1 | Noticed an iron giant (glowing shapeshifter)
 30772 | Depths:1 | an iron giant changed into a golden dragon
 30772 | Depths:1 | Noticed a golden dragon (glowing shapeshifter)
 30808 | Depths:1 | Found a gateway to Hell.
 31042 | Depths:1 | Identified the +7 war axe of Amortisation {vamp, Str+3}
 31058 | Depths:1 | Found a shimmering altar of Xom.
 31059 | Depths:1 | Found a shimmering altar of Xom.
 31060 | Depths:1 | Found a shimmering altar of Xom.
 31111 | Depths:1 | Reached skill level 20 in Stealth
 31111 | Depths:1 | Reached XP level 20. HP: 138/140 MP: 30/32
 31516 | Depths:2 | Noticed Mara
 31700 | Depths:2 | Noticed Saint Roka
 31708 | Depths:2 | Killed Saint Roka
 31845 | Depths:2 | Found a one-way gate to the infinite horrors of the Abyss.
 31875 | Depths:2 | Noticed Khashishi's illusion
 31907 | Depths:2 | Killed Mara
 31993 | Depths:2 | Found a portal to a secret trove of treasure.
 32014 | Trove    | Entered a treasure trove
 32021 | Trove    | Identified the ring "Dyon" {*Corrode rElec Dex-2 SInv
                  | Stlth+}
 32045 | Trove    | Identified the +3 tower shield of the Bulwark {rN+ Int+2}
 32209 | D:15     | Upgraded the game from 0.30-a0-457-g4b7bca3bfa to
                  | 0.30-a0-458-g86641cc369
 32406 | Depths:2 | Noticed a caustic shrike
 32410 | Depths:2 | Killed a caustic shrike
 32457 | Depths:2 | Identified the +6 chain mail of Ithrob {rF++ rN+ Int-5}
 32543 | Depths:2 | Found a one-way gate leading to the halls of Pandemonium.
 32857 | Depths:3 | Noticed a juggernaut
 32871 | Depths:3 | Noticed a golden dragon
 32874 | Depths:3 | Reached XP level 21. HP: 100/149 MP: 18/34
 32884 | Depths:3 | Killed a golden dragon
 32885 | Depths:3 | Reached skill level 15 in Shields
 32921 | Depths:3 | Killed a juggernaut
 33470 | Depths:3 | Reached skill level 15 in Dodging
 33584 | Depths:3 | Found a shimmering altar of Xom.
 33584 | Depths:3 | Noticed Ydiukeg's ghost (veteran SpVM)
 33880 | Depths:3 | Reached skill level 15 in Fighting
 33918 | Depths:3 | Found a runed translucent door.
 33923 | Depths:3 | Killed Ydiukeg's ghost
 33924 | Depths:3 | Identified the +6 hand axe "Zoxaeng" {protect, *Corrode
                  | rN++ Str+3}
 33936 | Depths:3 | Got the Enchiridion on Hoarfrost and the Spider
 34013 | Depths:4 | Entered Level 4 of the Depths
 34227 | Depths:4 | Noticed Frederick
 34269 | Depths:4 | Killed Frederick
 34421 | Depths:4 | Noticed a golden dragon
 34430 | Depths:4 | Killed a golden dragon
 34504 | Depths:4 | Found a gate to the Realm of Zot.
 34718 | Depths:4 | Noticed a caustic shrike
 34718 | Depths:4 | Noticed a caustic shrike
 34831 | Depths:4 | Reached skill level 10 in Ice Magic
 35005 | Depths:4 | Noticed a caustic shrike
 35354 | Elf:1    | Entered Level 1 of the Elven Halls
 35379 | Elf:1    | Noticed Louise
 35402 | Elf:1    | Killed Louise
 35437 | Elf:1    | Reached XP level 22. HP: 157/157 MP: 35/35
 35472 | Elf:1    | Reached skill level 5 in Spellcasting
 36106 | Elf:1    | Identified the +6 scimitar of Roigrecs {vorpal, rElec
                  | Dex+9}
 36491 | Elf:2    | Reached skill level 1 in Long Blades
 36582 | Elf:2    | Found a runed translucent gate.
 36582 | Elf:2    | Found a runed translucent gate.
 36582 | Elf:2    | Found a runed translucent gate.
 36615 | Elf:2    | Found an ancient bone altar of Kikubaaqudgha.
 36855 | Elf:2    | Found Acod's Jewellery Emporium.
 36855 | Elf:2    | Found Vyt Goodd's Book Shop.
 36856 | Elf:2    | Found Viroaschi's Jewellery Emporium.
 36962 | Elf:2    | Acquired 661 gold pieces
 37040 | Elf:2    | Reached skill level 21 in Stealth
 37489 | Elf:3    | Entered Level 3 of the Elven Halls
 37528 | Elf:3    | Found a flickering gateway to a bazaar.
 37538 | Bazaar   | Entered a bazaar
 37538 | Bazaar   | Found Geiconih's Magic Scroll Shoppe.
 37538 | Bazaar   | Found Fewnedd's Antique Armour Shoppe.
 37539 | Bazaar   | Found Jaoduase's Jewellery Emporium.
 37539 | Bazaar   | Found Zabb's Distillery.
 37545 | Bazaar   | Bought a scroll of blinking for 75 gold pieces
 37545 | Bazaar   | Bought a scroll of fear for 40 gold pieces
 37555 | Bazaar   | Bought a potion of haste for 120 gold pieces
 37555 | Bazaar   | Bought a potion of might for 48 gold pieces
 37998 | Elf:3    | Identified the +8 bardiche "Ejer Enk" {drain, rElec Will+}
 38081 | Elf:3    | Reached XP level 23. HP: 110/165 MP: 37/37
 38186 | Elf:3    | Found the +7 Spriggan's Knife {stab, EV+4 Stlth+}
 38198 | Elf:3    | Identified the +0 scale mail of the Heavens {*Slow rPois
                  | rN+}
 38206 | Elf:3    | Identified the +5 trident of the Magi {flame, *Slow +Blink
                  | Will- Dex+9}
 38210 | Elf:3    | Identified the amulet "Siliges" {rPois Regen+}
 38237 | Elf:3    | Identified the +2 helmet of Duck's Teeth {rF- rCorr Slay+3}
 38248 | Elf:3    | Learned a level 2 spell: Ensorcelled Hibernation
 38250 | Elf:3    | Learned a level 1 spell: Slow
 38735 | Slime:1  | Entered Level 1 of the Pits of Slime
 38809 | Slime:1  | Reached skill level 1 in Hexes
 39011 | Slime:3  | Noticed Dissolution
 39076 | Slime:3  | Learned a level 5 spell: Metabolic Englaciation
 39216 | Slime:2  | Reached skill level 5 in Hexes
 39883 | Slime:3  | You fall into a shaft and drop 1 floor!
 40574 | Slime:3  | Killed Dissolution
 40963 | Slime:5  | Entered Level 5 of the Pits of Slime
 41076 | Slime:5  | Reached skill level 22 in Stealth
 41392 | Slime:5  | Found a viscous altar of Jiyva.
 41392 | Slime:5  | Noticed the Royal Jelly
 41470 | Slime:5  | Found the +7 mace of Variability {chain chaos}
 41474 | Slime:5  | Found the +12 glaive of Prune {vorpal}
 41507 | Slime:5  | Killed the Royal Jelly
 41605 | Slime:5  | Identified the +1 leather armour of the Unbroken {Rampage
                  | Will+ Str-2 Dex+3}
 41619 | Slime:5  | Got a slimy rune of Zot
 41638 | Slime:5  | Identified the +8 hand axe of Xoadotwate {vorpal, rElec rF+
                  | Str+2}
 41694 | Slime:5  | Identified the +3 morningstar "Haophoc" {vorpal, *Noise
                  | rElec rF+++ Will+}
 41709 | Slime:5  | Identified the +1 buckler of Negation {rElec Str+7}
 41756 | Slime:5  | Identified the ring "Nofoulu" {rF+ Will+ Str+4}
 42144 | Vaults:1 | Entered Level 1 of the Vaults
 42503 | Vaults:1 | Reached XP level 24. HP: 173/173 MP: 37/37
 43017 | Vaults:1 | Identified the +6 flail "Cuazouq" {vorpal, *Corrode Will+
                  | SInv}
 43663 | Vaults:2 | Found Geill's Armour Shoppe.
 44716 | Vaults:3 | Found a staircase to the Crypt.
 44716 | Vaults:3 | Found an ancient bone altar of Kikubaaqudgha.
 44716 | Vaults:3 | Found a basalt altar of Yredelemnul.
 45075 | Vaults:3 | Reached skill level 23 in Stealth
 45593 | Vaults:3 | Found Zumiwnodeu's Antique Armour Shoppe.
 45865 | Vaults:4 | Reached XP level 25. HP: 180/180 MP: 37/37
 46435 | Vaults:4 | Noticed Bai Suzhen
 46464 | Vaults:4 | Killed Bai Suzhen
 46640 | Vaults:4 | Noticed Jory
 46670 | Vaults:4 | Killed Jory
 46946 | Vaults:5 | Entered Level 5 of the Vaults
 47329 | Vaults:5 | Got the Compilation of Charged Metamorphosis
 47330 | Vaults:5 | Identified the +0 great sword "Sateul" {vorpal, *Rage Fly
                  | Dex+7}
 47413 | Vaults:5 | Identified the +3 morningstar of Precise Incision {pain,
                  | rElec rN+ Int-5}
 47503 | Vaults:5 | Reached skill level 15 in Ice Magic
 47513 | Vaults:5 | Learned a level 5 spell: Freezing Cloud
 47644 | Vaults:5 | Reached skill level 1 in Air Magic
 47661 | Vaults:5 | Noticed an ancient lich
 47682 | Vaults:5 | Identified the +5 dire flail of Evil {elec, rF++}
 47685 | Vaults:5 | Killed an ancient lich
 47717 | Vaults:5 | Reached skill level 24 in Stealth
 47732 | Vaults:5 | Reached XP level 26. HP: 136/189 MP: 20/37
 47879 | Vaults:5 | Got the Collected Works on Breath
 48144 | Vaults:5 | Got the Teachings on Hoarfrost
 48153 | Vaults:5 | Learned a level 7 spell: Ozocubu's Refrigeration
 48156 | Vaults:5 | Got a silver rune of Zot
 48248 | Vaults:5 | Noticed an ancient lich
 48344 | Vaults:5 | Learned a level 3 spell: Frozen Ramparts
 48344 | Vaults:5 | Identified the +1 leather armour of the Dice {rPois}
 48353 | Vaults:5 | Identified the +4 cloak of Assoezer {Regen+ Str-2 Dex+2}
 48516 | Vaults:5 | Killed an ancient lich
 49024 | Depths:2 | Voluntarily entered the Abyss.
 49029 | Abyss:1  | Noticed an ancient lich
 49044 | Abyss:1  | Killed an ancient lich
 49293 | Abyss:2  | Found a corrupted altar of Lugonu.
 49317 | Abyss:2  | Found an iron altar of Okawaru.
 49509 | Abyss:3  | Found a glowing golden altar of the Shining One.
 49566 | Abyss:3  | Noticed a juggernaut
 49568 | Abyss:3  | Killed a juggernaut
 49571 | Abyss:3  | Got an abyssal rune of Zot
 49585 | Depths:2 | Escaped the Abyss
 49694 | Zot:1    | Entered Level 1 of the Realm of Zot
 49970 | Zot:1    | You fall into a shaft and drop 1 floor!
 50023 | Zot:1    | Noticed an orb of fire
 50025 | Zot:1    | Killed an orb of fire
 51101 | Zot:2    | Noticed a Killer Klown
 51130 | Zot:2    | Killed a Killer Klown
 51369 | Zot:2    | Reached XP level 27. HP: 195/195 MP: 27/38
 52373 | Zot:3    | Found the +9 sword of Zonguldrok {reap}
 53465 | Zot:5    | Entered Level 5 of the Realm of Zot
 54206 | Zot:5    | Noticed a dread lich
 54209 | Zot:5    | Killed a dread lich
 54225 | Zot:5    | Noticed a dread lich
 54227 | Zot:5    | Killed a dread lich
 54230 | Zot:5    | Noticed an orb of fire
 54239 | Zot:5    | Noticed a dread lich
 54245 | Zot:5    | Noticed a dread lich
 54250 | Zot:5    | Killed an orb of fire
 54255 | Zot:5    | Killed a dread lich
 54264 | Zot:5    | Killed a dread lich
 54355 | Zot:5    | Noticed an orb of fire
 54355 | Zot:5    | Noticed an orb of fire
 54555 | Zot:5    | Noticed an orb of fire
 54556 | Zot:5    | Noticed an ancient lich
 54577 | Zot:5    | Killed an orb of fire
 54577 | Zot:5    | Noticed an ancient lich
 54583 | Zot:5    | Noticed an ancient lich
 54591 | Zot:5    | Killed an ancient lich
 54597 | Zot:5    | Killed an ancient lich
 54600 | Zot:5    | a Killer Klown changed into a juggernaut
 54600 | Zot:5    | Noticed a juggernaut
 54602 | Zot:5    | Killed a juggernaut
 54626 | Zot:5    | Killed an ancient lich
 54636 | Zot:5    | Noticed a dread lich
 54640 | Zot:5    | Killed an orb of fire
 54662 | Zot:5    | Killed a dread lich
 54679 | Zot:5    | Killed an orb of fire
 54843 | Zot:5    | Got the Orb of Zot
 55464 | D:$      | Escaped with the Orb!

Illustrated notes

Levels and vault maps discovered:
D:1:      minmay_arrival_four_circles, layout_loops_ring,
          minmay_misc_feat_doors, minmay_domino_2
D:2:      layout_rooms, serial_shops, shop, shop, shop,
          shapermc_ecumenical_altar_flowoftime, basic_altar, skrybe_limestone_x,
          chequers_decorated_corner, minmay_snake_closets
D:3:      layout_loops_ring, uniq_terence, uniq_ijyb
D:4:      layout_basic, amcnicky_altar_gilded
D:5:      layout_layer_cave, temple_statues, serial_shops, nicolae_shop_crystal,
          enter_ossuary_5, nicolae_stop_n_shop_2, minmay_misc_feat_ornament,
          nicolae_shop_firing_range, uniq_grinder, uniq_menkaure
D:6:      layout_loops_cross, lemuel_tele_altar, minivault_14,
          corexii_hall_statues_u
D:7:      layout_basic, gammafunk_ghost_smash, serial_glass, glass_columns_a,
          glass_columns_c, minmay_misc_feat_rugged, minmay_manual_mullet
D:8:      wad_guarded_room, layout_loops_ring, chequers_serial_rivers_micro_e
D:9:      layout_roguey [special_room_bee], nicolae_overflow_hidden_temple,
          mainiacjoe_overflow_paths, enter_bailey_5, dreamdust_princess_bridge
D:10:     layout_loops_cross, lemuel_coloured_pillars_altar, uniq_fannar
D:11:     minmay_the_grid_square_5x5_5x5 [minmay_the_grid_square_5x5_meh,
          minmay_the_grid_square_5x5_checkered_statues,
          minmay_the_grid_square_5x5_dogpile,
          minmay_the_grid_square_5x5_checkered,
          minmay_the_grid_square_5x5_hourglass,
          minmay_the_grid_square_5x5_two_walls_b,
          minmay_the_grid_square_5x5_prize_snowflake,
          minmay_the_grid_square_5x5_eight_small,
          minmay_the_grid_square_5x5_prize_deathbox,
          minmay_the_grid_square_5x5_almost_minimal,
          minmay_the_grid_square_5x5_pentomino_r,
          minmay_the_grid_square_5x5_lines,
          minmay_the_grid_square_5x5_prize_junk,
          minmay_the_grid_square_5x5_spiral,
          minmay_the_grid_square_5x5_two_small,
          minmay_the_grid_square_5x5_seven,
          minmay_the_grid_square_5x5_prize_pseudospiral,
          minmay_the_grid_square_5x5_six_small,
          minmay_the_grid_square_5x5_prize_monsterx,
          minmay_the_grid_square_5x5_three_small,
          minmay_the_grid_square_5x5_tie, minmay_the_grid_square_5x5_shuriken,
          minmay_the_grid_square_5x5_v, minmay_the_grid_square_5x5_comb,
          minmay_the_grid_square_5x5_misaligned], layout_stronghold,
          david_orc_5, nicolae_benzene_ring, st_stairs_9
D:12:     lemuel_reptile_caves, layout_loops_ring, serial_bayou,
          serial_bayou_ford_a, serial_bayou_pond_a, serial_bayou_pond_a,
          serial_bayou_pond_d
D:13:     layout_loops_corners, lightli_vaults_fourway_checkpoint, uniq_snorg
D:14:     layout_long_grid, hangedman_decor_slide_cut, minmay_misc_feat_chi,
          slow_altar_2
D:15:     grunt_enter_depths_magical_seal, layout_grid_maze, serial_glass,
          glass_columns_a, glass_columns_a, gauntlet_entry_generic, uniq_jorgrun
Temple:   nicolae_temple_bog_church
Lair:1:   layout_chaotic_city, nicolae_lair_lakeside_cave,
          infiniplex_staircase_pool_2, serial_bayou_shore_a, uniq_maggie
Lair:2:   layout_cave_shapes, nicolae_volcano_entry_two_sided,
          chequers_serial_rivers_small_a, beast_lair_carwin_10
Lair:3:   layout_hall_layers, swamp_mist_pool, spider_nest_entry_a,
          guppyfry_lair_drakes, uniq_gastronok
Lair:4:   layout_regular_city, minmay_slime_entry_jelly_boxes,
          portal_ice_cave_rime, chequers_serial_rivers_micro_a,
          grunt_megastairs_2
Lair:5:   minmay_lair_end_enchanted_forest, layout_loops_ring,
          grunt_megastairs_1
Swamp:1:  layout_basic_swamp, evilmike_swamp_ruin_house_4, swamp_pool4,
          nicolae_swamp_very_dense_foliage
Swamp:2:  layout_basic_swamp, evilmike_swamp_ruin_house_5, swamp_pool5,
          st_swamp_ruins_3, uniq_donald
Swamp:3:  layout_basic_swamp, nicolae_swamp_tree_designs
Swamp:4:  swamp_old_school, layout_basic_swamp, uniq_nikola
Spider:1: layout_cave_pods, dreamdust_wasp_nest, uniq_aizul
Spider:2: layout_spider_delve, hangedman_spider_tarantella_strand,
          uniq_mlioglotl
Spider:3: layout_cave_pods, gammafunk_ghost_necromancy,
          nicolae_spider_wall_of_niches
Spider:4: spider_rune_water
Slime:1:  layout_caves
Slime:2:  layout_caves
Slime:3:  layout_caves, nicolae_slime_round_cave, uniq_dissolution
Slime:4:  layout_caves
Slime:5
Orc:1:    layout_caves, serial_shops, shop
Orc:2:    st_orc_open, layout_caves, serial_shops, shop,
          nicolae_shop_overgrown_old_shop
Elf:1:    eino_elf_arrival_shootout, layout_loops_corners,
          hangedman_elven_crosses_minicolossus, uniq_louise
Elf:2:    nicolae_elf_blades_crystal_corner, layout_geoelf_grid, basic_altar,
          minivault_16, minmay_shop_grove
Elf:3:    grunt_elf_hall_diamonds, layout_geoelf_octagon, serial_shops,
          bzr_entry_lakeside
Vaults:1: nicolae_vaults_network_star, v_rooms_4, ontoclasm_vaults_gateway,
          ontoclasm_vaults_loading_screen, nicolae_vaults_little_squares_4,
          vaults_dpeg_diagonal, layout_vaults_quadrants
Vaults:2: vaults_room_door_hall, vaults_mumra_minichess_inversion,
          vaults_room_pool, v_misc_31, nicolae_vaults_specimen_jars, v_misc_13,
          v_misc_1, nicolae_vaults_angled_halls, ontoclasm_vaults_twist,
          dpeg_vaults_monster_box, layout_vaults_big_room
Vaults:3: nicolae_vaults_network_barrier, nicolae_vaults_little_squares_2,
          vaults_mumra_chevron_long, grunt_vaults_twisty, v_misc_26,
          hangedman_vaults_variations, minmay_crypt_entry_necro_gods,
          st_octagons_2, nicolae_vaults_circle_grid_a,
          vaults_dpeg_emergency_exit, vaults_mumra_lcd, hangedman_vaults_stream,
          nicolae_vaults_what_the_h, layout_vaults_maze_bifur, serial_shops,
          shop
Vaults:4: nicolae_vaults_windows_and_doors_thing, ontoclasm_vaults_pinch,
          grunt_vaults_funnel, v_alt_pattern_4, dpeg_vaults_monster_row,
          ontoclasm_vaults_spin, hangedman_vaults_corner,
          hangedman_vaults_nails, vaults_room_pool, v_misc_16,
          layout_vaults_omnicross, uniq_jory, uniq_bai_suzhen
Vaults:5
Depths:1: layout_cave_pools, enter_ziggurat_d, grunt_hell_entry_dis_mu,
          xom_redecorated, hangedman_abyss_or_decor_passed,
          nicolae_diode_intersection, serial_bayou_shore_b, grunt_megastairs_5
Depths:2: nicolae_hexawheel, layout_cave_shapes, enter_trove_2, hell_entry,
          hangedman_abyss_entry_splay, grunt_pan_entry_zigzag,
          chequers_serial_rivers_micro_e, uniq_saint_roka, uniq_mara
Depths:3: cross_vault, layout_small_grid, ebering_ghost_xom, grunt_hell_horde,
          abyss_entry, grunt_pan_entry_spiral, grunt_ministairs_10
Depths:4: evilmike_zot_entry_gauntlet, layout_gridlike, grunt_gozag_statues,
          hangedman_coc_ice_floe, uniq_frederick
Zot:1:    layout_cathedral_of_symmetry, grunt_megastairs_4
Zot:2:    layout_onion, skrybe_zot_glass_1
Zot:3:    layout_concentric_octagons
Zot:4:    layout_gridlike, grunt_megastairs_3
Zot:5:    layout_basic, bh_zot_lava_cross, drop_trap

Skill      XL: |  1  2  3  4  5  6  7  8  9 10 11 12 13 14 15 16 17 18 19 20 21 22 23 24 25 26 27 |
---------------+----------------------------------------------------------------------------------+-----
Stealth        | 6 7 8 9 11 13 15 16 17 18 20 21 22 23 24 | 24.4
Short Blades   | 3 4 5 6 7 8 9 11 12 13 14 | 14.0
Throwing       | 3 6 7 |  7.0
Evocations     | 1 2 3 4 |  4.0
Dodging        | 3 4 6 7 9 10 11 12 13 14 15 16 17 18 19 | 19.8
Invocations    | 2 4 6 8 10 11 12 13 14 15 16 17 18 19 20 21 22 23 | 23.7
Fighting       | 3 4 5 7 8 9 10 11 12 13 14 15 16 17 18 19 | 19.2
Ice Magic      | 3 6 9 10 11 13 15 17 19 | 19.1
Spellcasting   | 2 3 4 5 6 8 9 |  9.7
Shields        | 2 5 6 7 8 10 11 12 13 14 15 16 17 18 19 21 22 | 22.4
Conjurations   | 2 3 4 |  4.0
Translocations | 5 6 |  6.0
Long Blades    | 3 |  3.0
Hexes          | 7 8 |  8.0
Air Magic      | 2 4 |  4.0

Action                   |  1- 3 |  4- 6 |  7- 9 | 10-12 | 13-15 | 16-18 | 19-21 | 22-24 | 25-27 || total
-------------------------+-------+-------+-------+-------+-------+-------+-------+-------+-------++-------
Melee: Dagger            |    46 |    52 |   127 |   232 |       |       |       |       |       ||   457
       Constrict         |    14 |    22 |    39 |    78 |   111 |   156 |   163 |   146 |   172 ||   901
       Tentacles         |     9 |    20 |    44 |   142 |   335 |   427 |   609 |   728 |   830 ||  3144
       Short sword       |    10 |    37 |    62 |    10 |       |       |       |       |       ||   119
       Punch             |       |       |     3 |     6 |    22 |    38 |    30 |    45 |    55 ||   199
       Rapier            |       |       |       |   233 |  1086 |  1343 |  1597 |  1825 |  1797 ||  7881
Throw: Dart              |    12 |    15 |    15 |    54 |   165 |    98 |   109 |    14 |    30 ||   512
       Boomerang         |       |     5 |    17 |     6 |   145 |     6 |     3 |       |       ||   182
       Throwing net      |       |       |       |       |     3 |       |       |       |       ||     3
       Javelin           |       |       |       |       |       |       |       |       |     1 ||     1
 Cast: Ozocubu's Armour  |       |       |       |    16 |    74 |    76 |    66 |    58 |    79 ||   369
       Hailstorm         |       |       |       |       |    36 |    21 |    12 |    13 |     5 ||    87
       Momentum Strike   |       |       |       |       |       |     5 |     1 |       |       ||     6
       Blink             |       |       |       |       |       |     7 |     3 |     3 |     6 ||    19
       Lesser Beckoning  |       |       |       |       |       |     5 |    14 |    30 |    38 ||    87
       Ensorcelled Hiber |       |       |       |       |       |       |       |    17 |       ||    17
       Metabolic Englaci |       |       |       |       |       |       |       |    13 |    25 ||    38
       Freezing Cloud    |       |       |       |       |       |       |       |       |    10 ||    10
       Frozen Ramparts   |       |       |       |       |       |       |       |       |    12 ||    12
       Ozocubu's Refrige |       |       |       |       |       |       |       |       |     4 ||     4
Invok: Recite            |       |       |     7 |    11 |    21 |    21 |    32 |    17 |    38 ||   147
       Vitalisation      |       |       |     2 |     7 |    16 |    22 |    15 |    13 |    22 ||    97
       Sanctuary         |       |       |       |       |       |     1 |     1 |       |       ||     2
       Imprison          |       |       |       |       |       |       |     2 |       |     4 ||     6
Evoke: Wand              |       |    10 |     7 |    13 |    21 |    21 |     2 |     3 |    14 ||    91
       Phial of floods   |       |       |       |       |       |     1 |     1 |     1 |       ||     3
       Lightning rod     |       |       |       |       |       |     4 |       |     6 |     4 ||    14
       Phantom mirror    |       |       |       |       |       |     1 |     1 |     1 |       ||     3
  Use: Potion            |       |     6 |     2 |     7 |     6 |     3 |     7 |     5 |    16 ||    52
       Scroll            |       |     6 |    15 |    11 |    13 |    12 |     5 |     3 |     9 ||    74
 Stab: Sleeping          |    14 |    15 |    20 |    28 |    65 |    84 |    72 |   136 |    50 ||   484
       Paralysed         |       |     2 |       |     5 |     1 |    11 |     2 |     6 |     3 ||    30
       Invisible         |       |       |     3 |     6 |    23 |     5 |    14 |       |     8 ||    59
       Confused          |       |       |     3 |     3 |     2 |    24 |    16 |    36 |    69 ||   153
       Distracted        |       |       |       |     1 |     5 |     5 |     6 |     9 |    17 ||    43
       Held in net/web   |       |       |       |       |     2 |       |       |       |       ||     2
Armor: Skin              |     4 |     4 |     8 |    82 |   144 |   287 |   202 |   148 |   156 ||  1035
Dodge: Dodged            |    22 |    39 |    72 |   326 |   611 |   898 |   747 |   811 |   822 ||  4348
Block: Buckler           |       |       |       |   193 |   412 |    93 |       |       |       ||   698
       Kite shield       |       |       |       |       |       |  1070 |  1111 |  1365 |  1373 ||  4919
       Reflection        |       |       |       |       |       |    34 |     8 |    47 |    30 ||   119

Table legend: (Time is in decaauts)
 A = Elapsed time spent in this place.
 B = Non-inter-level travel time spent in this place.
 C = Inter-level travel time spent in this place.
 D = Time resting spent in this place.
 E = Time spent auto-exploring this place.
 F = Levels seen in this place.
 G = Mean time per level.
                   A        B        C        D        E       F      G
               +--------+--------+--------+--------+--------+-----+--------+
         Total |  51955 |  47394 |   4561 |   1716 |  23155 |  63 |  824.7 |
       Dungeon |  14886 |  13070 |   1816 |    319 |   8093 |  15 |  992.4 |
        Temple |    151 |    144 |      7 |      0 |     99 |   1 |  151.0 |
          Lair |   5394 |   4690 |    704 |    116 |   2180 |   5 | 1078.8 |
         Swamp |   2659 |   2523 |    136 |     75 |   1060 |   4 |  664.8 |
   Spider Nest |   3754 |   3511 |    243 |    126 |   1874 |   4 |  938.5 |
    Slime Pits |   2881 |   2605 |    276 |     58 |   1049 |   5 |  576.2 |
  Orcish Mines |   1384 |   1175 |    209 |     20 |    651 |   2 |  692.0 |
   Elven Halls |   2989 |   2810 |    179 |     13 |   1072 |   3 |  996.3 |
        Vaults |   6120 |   5800 |    320 |    338 |   3267 |   5 | 1224.0 |
        Depths |   4376 |   3906 |    470 |     49 |   1352 |   4 | 1094.0 |
           Zot |   4862 |   4664 |    198 |    378 |   2389 |   5 |  972.4 |
         Abyss |    502 |    502 |      0 |     12 |      4 |   3 |  167.3 |
        Bazaar |     19 |     19 |      0 |      0 |      0 |   1 |   19.0 |
         Trove |     47 |     47 |      0 |      0 |      0 |   1 |   47.0 |
       Ossuary |    219 |    219 |      0 |     24 |     39 |   1 |  219.0 |
        Bailey |    244 |    244 |      0 |      9 |     10 |   1 |  244.0 |
      Ice Cave |    761 |    761 |      0 |    134 |     16 |   1 |  761.0 |
       Volcano |    257 |    257 |      0 |     28 |      0 |   1 |  257.0 |
      Gauntlet |    443 |    443 |      0 |     16 |      0 |   1 |  443.0 |
               +--------+--------+--------+--------+--------+-----+--------+

Top non-repeatable levels by time:
    D:11: 1669 daAuts
Vaults:5: 1572 daAuts
Vaults:3: 1307 daAuts
    D:15: 1303 daAuts
Depths:3: 1294 daAuts
Spider:3: 1279 daAuts
   Zot:1: 1275 daAuts
  Lair:5: 1274 daAuts
   Zot:5: 1244 daAuts
  Lair:1: 1222 daAuts
     D:5: 1162 daAuts
Vaults:1: 1129 daAuts
Vaults:4: 1114 daAuts
Depths:4: 1104 daAuts
     D:8: 1082 daAuts
